 Dungeon Crawl Stone Soup version 0.27-a0-1529-g1e82c303ef (webtiles) character file.

Game seed: 13292500350802920415

43 flotson the Sneak (level 3, 0/24 HPs)
             Began as a Gargoyle Delver on July 11, 2021.
             Slain by Natasha (6 damage)
             ... on level 3 of the Dungeon.
             The game lasted 00:01:57 (706 turns).

flotson the Sneak (Gargoyle Delver)                  Turns: 706, Time: 00:01:58

Health: 0/24       AC:  6    Str: 16    XL:     3   Next: 58%
Magic:  3/3        EV: 11    Int: 10    God:
Gold:   15         SH:  0    Dex: 11    Spells: 2/2 levels left

rFire    . . .     SeeInvis .   a - +0 hand axe
rCold    . . .     Faith    .   (no shield)
rNeg     + . .     Spirit   .   b - +0 leather armour
rPois    ∞         Reflect  .   (no helmet)
rElec    +         Harm     .   (no cloak)
rCorr    .         Rampage  .   (no gloves)
Will     .....                  (no boots)
Stlth    +++.......             (no amulet)
HPRegen  0.08/turn              (no ring)
MPRegen  0.08/turn              (no ring)

@: no status effects
A: sickness immunity, AC +3, negative energy resistance 1, electricity
resistance, torment resistance 1, petrification resistance
a: no special abilities


You were on level 3 of the Dungeon.
You visited 2 branches of the dungeon, and saw 4 of its levels.

You collected 15 gold pieces.

Inventory:

Hand Weapons
 a - a +0 hand axe (weapon)
Armour
 b - a +0 leather armour (worn)
Wands
 g - a wand of digging (3)
 l - a wand of flame (14)
Scrolls
 c - a scroll of fog
 d - a scroll of magic mapping
 i - a scroll of identify {unknown}
 j - a scroll of amnesia {unknown}
 m - a scroll of acquirement {unknown}
Potions
 f - a potion of degeneration {unknown}
 h - a potion of might {unknown}
 k - a potion of berserk rage {unknown}


   Skills:
 + Level 3.7 Fighting
 + Level 2.2 Axes
 + Level 1.4 Armour
 + Level 2.0 Dodging
 - Level 5.4 Stealth
 + Level 0.1 Evocations


You had 2 spell levels left.
You didn't know any spells.
Your spell library was empty.

Dungeon Overview and Level Annotations

Branches:
Dungeon (5/15)             Temple (1/1) D:4

Altars:
Ashenzari
Cheibriados
Dithmenos
Gozag
Hepliaklqana
Kikubaaqudgha
Makhleb
Nemelex Xobeh
Qazlal
Ru
Sif Muna
Trog
Uskayaw
Vehumet
Xom
Yredelemnul
Zin

Annotations:
D:3 Natasha


Innate Abilities, Weirdness & Mutations

You are immune to sickness and miasma.
Your stone body is resilient. (AC +3)
You are immune to poison.
You resist negative energy. (rN+)
You are resistant to electric shocks. (rElec)
You are resistant to unholy torment.
You are immune to petrification.


Message History

You completely miss the worm.
The worm is heavily wounded.
The worm bites you but does no damage.
You hit the worm.
The worm is heavily wounded.
You hit the worm.
The worm is almost dead.
The worm misses you.
You hit the worm.
The worm is almost dead.
The worm bites you but does no damage.
You hit the worm.
You kill the worm!
You see here a worm corpse.
The hobgoblin shouts!
A hobgoblin and Natasha come into view.
Found a scroll labelled CIRONWE QOBIR.
Natasha hisses angrily.
The hobgoblin shouts!
You hit Natasha.
Natasha is moderately wounded.
You hit the hobgoblin but do no damage. The hobgoblin misses you.
Natasha casts a spell at you. The magic dart hits you!
You hit Natasha.
Natasha is heavily wounded.
You hit the hobgoblin. The hobgoblin barely misses you.
Natasha claws you but does no damage.
The hobgoblin hits you but does no damage.
You barely miss Natasha.
Natasha is heavily wounded.
You barely miss the hobgoblin. Natasha claws you but does no damage.
The hobgoblin hits you but does no damage.
Natasha casts a spell at you.
The magic dart hits you but does no damage.
You closely miss Natasha.
Natasha is heavily wounded.
You barely miss the hobgoblin. The hobgoblin hits you.
* * * LOW HITPOINT WARNING * * *
Natasha claws you.
You die...

#######...............##
#..........#............
#........>.#............
#........†.#............
#..........#..........>.
#..........#............
#..........#............
#######g####..).........
#@# #............ #h#
#............ #g#
############# ... .....
g...... .........
.........?.
............#


You could see Natasha and 2 hobgoblins.

Vanquished Creatures
  A centaur zombie (D:4)
  A worm (D:3)
  An endoplasm (D:4)
  A goblin (D:4)
  A hobgoblin (D:4)
  A kobold (D:3)
6 creatures vanquished.

Notes
Turn   | Place    | Note
-------+----------+-------------------------------------------
     0 | D:5      | flotson the Gargoyle Delver began the quest for the Orb.
     0 | D:5      | Reached XP level 1. HP: 14/14 MP: 1/1
    12 | D:5      | Noticed a water moccasin
    19 | D:5      | Noticed an ogre
    31 | D:5      | Noticed a jelly
    33 | D:5      | Noticed a hound
    46 | D:4      | Found a stormy altar of Qazlal.
    63 | D:4      | Reached skill level 1 in Armour
    63 | D:4      | Reached XP level 2. HP: 4/20 MP: 2/2
    63 | D:4      | Reached XP level 3. HP: 5/24 MP: 3/3
   437 | D:4      | Found a staircase to the Ecumenical Temple.
   444 | Temple   | Entered the Ecumenical Temple
   700 | D:3      | Noticed Natasha
   706 | D:3      | Slain by Natasha

Illustrated notes

Levels and vault maps discovered:
D:3:      layout_basic, uniq_natasha, uniq_robin
D:4:      layout_cave_pools, grunt_qazlal_clouds, minmay_temple_entry_grid,
          minmay_pentomino_pile
D:5:      layout_layer_cave, mainiacjoe_overflow_large_starburst,
          grunt_ministairs_14, nrook_mini_vaults
Temple:   nicolae_temple_elliptical

Skill      XL: |  1 |
---------------+----+-----
Axes           | 2 |  2.2
Armour         | 1 |  1.4
Dodging        | 2 |  2.0
Fighting       | |  3.7
Stealth        | |  5.4
Evocations     | |  0.1

Action                   || total
-------------------------++-------
Melee: Hand axe          ||    35
  Use: Potion            ||     1
       Scroll            ||     1
Armor: Leather armour    ||    20
Dodge: Dodged            ||    23

Table legend: (Time is in decaauts)
 A = Elapsed time spent in this place.
 B = Non-inter-level travel time spent in this place.
 C = Inter-level travel time spent in this place.
 D = Time resting spent in this place.
 E = Time spent auto-exploring this place.
 F = Levels seen in this place.
 G = Mean time per level.
                   A        B        C        D        E       F      G
               +--------+--------+--------+--------+--------+-----+--------+
         Total |    691 |    659 |     32 |    226 |    208 |   4 |  172.8 |
       Dungeon |    505 |    504 |      1 |    226 |     54 |   3 |  168.3 |
        Temple |    185 |    154 |     31 |      0 |    154 |   1 |  185.0 |
               +--------+--------+--------+--------+--------+-----+--------+

Top non-repeatable levels by time:
     D:4: 420 daAuts
  Temple: 185 daAuts
     D:3: 46 daAuts
     D:5: 39 daAuts
